 Dungeon Crawl Stone Soup version 0.19.5 (webtiles) character file.

617 MudBrick2 the Grave Robber (level 7, -9/43 HPs)
             Began as a Mummy Necromancer on Apr 11, 2017.
             Was an Initiate of Hepliaklqana.
             Mangled by flt's ghost (20 damage)
             ... on level 5 of the Dungeon on Apr 12, 2017.
             The game lasted 00:50:49 (5261 turns).

MudBrick2 the Grave Robber (Mummy Necromancer)      Turns: 5261, Time: 00:50:53

Health: -9/43      AC: 13    Str: 12    XL:     7   Next: 21%
Magic:  1/14       EV: 12    Int: 16    God:    Hepliaklqana [......]
Gold:   229        SH:  0    Dex: 12    Spells: 5 memorised, 3 levels left

rFire  x . .     SeeInvis .     x - +2 mace (protect)
rCold  + . .     Gourm    .     a - +0 robe
rNeg   + + +     Faith    .     (no shield)
rPois  ∞         Spirit   .     s - +0 hat
rElec  .         Reflect  .     w - +2 cloak {MR+}
rCorr  .         Harm     .     t - +0 pair of gloves
MR     +....                    (no boots)
Stlth  ++........               C - amulet of inaccuracy
                                (no ring)
                                (no ring)

@: protection aura
A: no food or potions, fire vulnerability, reduced essence, cold resistance 1,
negative energy resistance 3, torment resistance, unbreathing
a: Recall Ancestor, Ancestor Identity, Renounce Religion


You were on level 5 of the Dungeon.
You worshipped Hepliaklqana.
Hepliaklqana was noncommittal.
You were not hungry.

You visited 1 branch of the dungeon, and saw 5 of its levels.

You collected 229 gold pieces.

Inventory:

Hand Weapons
 v - a +2 quarterstaff of chaos
 x - a +2 mace of protection (weapon)
 z - a +0 blowgun
Armour
 a - a +0 robe (worn)
 i - a +0 buckler
 m - a +0 ring mail
 n - a +0 chain mail
 s - a +0 hat (worn)
 t - a +0 pair of gloves (worn)
 w - a +2 cloak of magic resistance (worn)
 B - a +0 helmet
 D - a +0 pair of gloves
Jewellery
 C - an amulet of inaccuracy (around neck)
Wands
 p - a wand of iceblast (15/15)
 u - a wand of slowing (14/48)
Scrolls
 c - 3 scrolls of immolation
 d - 3 scrolls of recharging
 e - a scroll of noise {unknown}
 g - 3 scrolls of teleportation
 h - 2 scrolls of enchant weapon {unknown}
 j - 2 scrolls of fog {unknown}
 k - 4 scrolls of random uselessness
 l - a scroll of magic mapping {unknown}
 o - 3 scrolls of remove curse
 q - a scroll of identify
 r - 2 scrolls of amnesia {unknown}
 y - a scroll of enchant armour {unknown}
 A - a scroll of fear {unknown}
Books
 b - a book of Necromancy

   Spells                             Type                      Level
   a - Pain                           Necromancy                   1
   b - Animate Skeleton               Necromancy                   1
   c - Vampiric Draining              Necromancy                   3
   d - Regeneration                   Charms/Necromancy            3
   e - Animate Dead                   Necromancy                   4
   f - Control Undead                 Necromancy                   4
 E - a book of Cantrips

   Spells                             Type                      Level
   a - Confusing Touch                Hexes                        1
   b - Animate Skeleton               Necromancy                   1
   c - Summon Small Mammal            Summoning                    1
   d - Apportation                    Translocation                1


   Skills:
 + Level 1.0 Fighting
 + Level 1.2 Maces & Flails
 - Level 1.5 Dodging
 + Level 1.9 Stealth
 + Level 0.1 Unarmed Combat
 * Level 5.1 Spellcasting
 * Level 6.5 Necromancy


You had 3 spell levels left.
You knew the following spells:

 Your Spells              Type           Power        Failure   Level  Hunger
a - Pain                  Necr           ####         1%          1    N/A
b - Animate Skeleton      Necr           N/A          1%          1    N/A
c - Animate Dead          Necr           N/A          12%         4    N/A
d - Vampiric Draining     Necr           ####......   3%          3    N/A
e - Control Undead        Necr           ####......   12%         4    N/A

Dungeon Overview and Level Annotations

Branches:
Dungeon (5/15)
 Temple: D:4-7

Altars:
Hepliaklqana
Nemelex Xobeh
Uskayaw

Annotations:
D:5 flt's ghost, amateur MfIE


Innate Abilities, Weirdness & Mutations

You do not eat or drink.
Your flesh is vulnerable to fire.
You are immune to poison.
Your flesh is cold resistant. (rC+)
You are immune to negative energy. (rN+++)
You are immune to unholy pain and torment.
You can survive without breathing.
Your life essence is reduced. (-10% HP)


Message History

Your bullfrog skeleton closely misses flt's ghost.
Your bullfrog skeleton barely misses flt's ghost.
Flt's ghost hits your bullfrog skeleton.
MudBrick completely misses flt's ghost.
Your bullfrog skeleton barely misses flt's ghost.
Flt's ghost points at you and mumbles some strange words.
The shard of ice hits your bullfrog skeleton.
Your bullfrog skeleton partially resists.
Your bullfrog skeleton is destroyed!
MudBrick hits flt's ghost but does no damage.
Flt's ghost gestures at MudBrick while chanting.
MudBrick resists.
MudBrick is frozen.
MudBrick misses flt's ghost.
You catch the helpless flt's ghost completely off-guard!
You hit flt's ghost but do no damage.
Your weapon exudes an aura of protection.
Flt's ghost is almost destroyed.
Flt's ghost hits you but does no damage.
You are electrocuted!
You die...

... #. ..# #. .. ..#
#. .. #.# #. #. #.#
#.##########
###.##.#
#...........
.$#.##.#######.....#
.....%........)W...#
.........(...<.R@..#
.....#.#######.....#
.....#.#### ###.#.#
...Rz#....# #.#...
!....#.##.# #.#####
..s#.#.##.# #.#
...z...##?# #.#
.#.#.####.# #.#
.....####.# #.#


You could see the friendly MudBrick the ancestor and flt's ghost.

Vanquished Creatures
  Grinder (D:3)
  An ogre (D:4)
  2 wights
  A bullfrog zombie (D:5)
  A centaur skeleton (D:4)
  Crazy Yiuf (D:2)
  Ijyb (D:3)
  Jessica (D:3)
  A bullfrog skeleton (D:5)
  A worker ant (D:4)
  5 adders
  An ooze (D:1)
  3 worms
  A leopard gecko (D:3)
  4 orcs (D:3)
  7 bats
  2 giant cockroaches (D:2)
  3 hobgoblins
  5 jackals (D:4)
  4 frilled lizards
  10 goblins
  11 kobolds
  4 rats
71 creatures vanquished.

Vanquished Creatures (collateral kills)
  A scorpion (D:4)
  An iguana (D:4)
  An adder (D:2)
  A worm (D:3)
  A dart slug (D:1)
  A jackal (D:4)
  A rat (D:1)
7 creatures vanquished.

Vanquished Creatures (others)
  An ancestor (D:5)
1 creature vanquished.

Grand Total: 79 creatures vanquished

Notes
Turn   | Place    | Note
-------+----------+-------------------------------------------
     0 | D:1      | MudBrick2 the Mummy Necromancer began the quest for the Orb.
     0 | D:1      | Reached XP level 1. HP: 13/13 MP: 3/3
    64 | D:1      | Learned a level 1 spell: Animate Skeleton
   380 | D:1      | Reached XP level 2. HP: 19/19 MP: 5/5
  1028 | D:2      | Reached XP level 3. HP: 24/24 MP: 0/6
  1803 | D:2      | Reached skill level 5 in Necromancy
  1803 | D:2      | Reached XP level 4. HP: 25/30 MP: 2/8
  1824 | D:2      | Learned a level 4 spell: Animate Dead
  2402 | D:2      | Found a runed door.
  2604 | D:2      | Noticed Crazy Yiuf
  2612 | D:2      | Killed Crazy Yiuf
  2732 | D:3      | Learned a level 3 spell: Vampiric Draining
  2780 | D:3      | Noticed Ijyb
  2795 | D:3      | Killed Ijyb
  2795 | D:3      | Reached XP level 5. HP: 34/35 MP: 3/10
  2956 | D:3      | Noticed Grinder
  2971 | D:3      | Paralysed by Grinder for 4 turns
  2983 | D:3      | Killed Grinder
  2983 | D:3      | Reached skill level 1 in Fighting
  2983 | D:3      | Reached XP level 6. HP: 23/43 MP: 10/12
  2997 | D:3      | Noticed Jessica
  3000 | D:3      | Killed Jessica
  3622 | D:3      | Found a sparkling altar of Nemelex Xobeh.
  3626 | D:3      | Found a hide-covered altar of Uskayaw.
  3633 | D:3      | Found a hazy altar of Hepliaklqana.
  3650 | D:3      | Became a worshipper of Hepliaklqana the Forgotten
  3859 | D:4      | Reached skill level 6 in Necromancy
  4246 | D:4      | Reached skill level 1 in Maces & Flails
  4408 | D:5      | Entered Level 5 of the Dungeon
  4425 | D:5      | Noticed flt's ghost (amateur MfIE)
  4720 | D:4      | Reached XP level 7. HP: 10/43 MP: 11/14
  5228 | D:3      | Learned a level 4 spell: Control Undead
  5243 | D:5      | Reached skill level 5 in Spellcasting
  5261 | D:5      | Mangled by flt's ghost

Skill      XL: |  1  2  3  4  5  6  7 |
---------------+----------------------+-----
Necromancy     | 5 6 |  6.5
Spellcasting   | 3 4 5 |  5.1
Fighting       | 1 |  1.0
Maces & Flails | 1 |  1.2
Dodging        | |  1.5
Stealth        | |  1.9
Unarmed Combat | |  0.1

Action                   |  1- 3 |  4- 6 |  7- 9 || total
-------------------------+-------+-------+-------++-------
Melee: Unarmed           |     9 |       |       ||     9
       Mace              |       |    61 |    14 ||    75
 Cast: Pain              |    56 |    77 |       ||   133
       Animate Skeleton  |    16 |       |       ||    16
       Animate Dead      |       |    23 |     2 ||    25
       Vampiric Draining |       |     1 |       ||     1
       Control Undead    |       |       |     3 ||     3
Invok: Recall Ancestor   |       |     1 |     1 ||     2
       Ancestor Identity |       |     1 |       ||     1
  Use: Scroll            |       |     6 |       ||     6
 Stab: Distracted        |       |     1 |     2 ||     3
Armor: Robe              |     7 |    43 |     8 ||    58
Dodge: Dodged            |    25 |    68 |    21 ||   114
